Match 45554343
Unlisted

Match 45554343
End
Engineer Squad
Construct Barracks
Riflemen Squad
M1 Mortar Team
Air Support Center
Riflemen Squad
Construct Medical Station
P-47 Dive Bomb
Construct Motor Pool
M8 Greyhound Armored Car
Grasshopper Recon Run
Riflemen Squad
M1918 Browning Automatic Rifles
Air Supply
Riflemen Squad
P-47 Strafing Run
Grenade Package
Grasshopper Recon Run
Construct Weapon Support Center
Selects Heavy Weapons
Selects Assault Carriers
Selects Halftrack Strongpoints
M1919 Machine Gun Team
Selects Towed M5 3-inch Anti-tank Gun
Towed M5 3-inch Anti-tank Gun
Selects M2HB .50cal Heavy Machine Gun
Grasshopper Recon Run
Construct Tank Depot
M1919 Machine Gun Team
Selects Gallant Stand
Selects Bolstered Team Weapons
Gallant Stand
M4(105) Sherman Bulldozer
Grasshopper Recon Run
P-47 Dive Bomb
Grasshopper Recon Run
Gallant Stand
Halftrack Strongpoints
HulkSMASH
CAuMOH
Armored Legio
NaDa
0
0

Comments sign in to comment!

No comments posted yet!